 Dungeon Crawl Stone Soup version 0.29-a0-994-gc5c9f59d18 (webtiles) character file.

Game seed: 3408631228422960411

1908 jlumianski the Chopper (level 8, -2/62 HPs)
             Began as a Demonspawn Gladiator on Aug 3, 2022.
             Was an Initiate of Qazlal.
             Slain by an orc warrior
             ... wielding a +0 mace
              (15 damage)
             ... on level 6 of the Dungeon on Aug 4, 2022.
             The game lasted 00:22:18 (6041 turns).

jlumianski the Chopper (Demonspawn Gladiator)       Turns: 6041, Time: 00:22:19

Health: -2/62      AC: 15    Str: 22    XL:     8   Next: 94%
Magic:  9/9        EV:  7    Int: 10    God:    Qazlal [......]
Gold:   357        SH:  0    Dex: 15    Spells: 7/7 levels left

rFire   . . .      SeeInvis .   a - +0 war axe (drain)
rCold   . . .      Faith    .   (no shield)
rNeg    . . .      Spirit   .   m - +0 plate armour
rPois   .          Reflect  .   c - +0 helmet
rElec   .          Harm     .   (no cloak)
rCorr   .          Rampage  .   (no gloves)
Will    .....                   (no boots)
Stlth   ..........              (no amulet)
HPRegen 0.20/turn               C - +6 ring of strength
MPRegen 0.11/turn               (no ring)

@: attractive
A: icy blue scales 1, demonic touch 2
a: Renounce Religion


You were on level 6 of the Dungeon.
You worshipped Qazlal.
Qazlal was noncommittal.
You visited 2 branches of the dungeon, and saw 7 of its levels.

You collected 357 gold pieces.

Inventory:

Hand Weapons
 a - a +0 war axe of draining (weapon)
 s - a +0 dagger of speed
 t - a +0 whip of electrocution
 x - a +0 sling
 D - a +1 hand axe of electrocution
Missiles
 d - 4 throwing nets
 e - a javelin
 g - 28 stones
 u - a boomerang
 w - 12 poisoned darts (quivered)
Armour
 b - a +0 leather armour
 c - a +0 helmet (worn)
 i - a +0 scale mail
 m - a +0 plate armour (worn)
 z - +0 steam dragon scales
Magical Staves
 l - a staff of fire
Jewellery
 v - a ring of wizardry
 C - a +6 ring of strength (left hand)
Wands
 y - a wand of polymorph (13)
Scrolls
 f - a scroll of blinking
 r - 3 scrolls of teleportation
Potions
 h - a potion of lignification
 j - a potion of brilliance
 k - 2 potions of curing
 n - a potion of invisibility
 o - a potion of might
 p - a potion of resistance
 A - a potion of attraction
 B - a potion of haste {unknown}


   Skills:
 + Level 5.0 Fighting
 + Level 7.4 Axes
 + Level 3.7 Throwing
 + Level 4.6 Armour
 + Level 3.5 Dodging
 + Level 0.3 Stealth
 * Level 2.2 Invocations
 * Level 1.1 Evocations


You had 7 spell levels left.
You didn't know any spells.
Your spell library contained the following spells:

 Spells                   Type           Power      Damage    Failure   Level
 Freeze                   Ice            0%         1d3       100%        1
 Dazzling Flash           Conj/Hex       0%         N/A       100%        3
 Frozen Ramparts          Ice            0%         1d8       100%        3
 Ozocubu's Armour         Ice            0%         N/A       100%        3
 Hailstorm                Conj/Ice       0%         3d3       100%        4
 Iskenderun's Mystic Bla  Conj/Tloc      0%         2d3       100%        4
 Starburst                Conj/Fire      0%         6d3       100%        6
 Ozocubu's Refrigeration  Ice            0%         4d7       100%        7


Dungeon Overview and Level Annotations

Branches:
Dungeon (6/15)             Temple (1/1) D:5

Altars:
Cheibriados
Dithmenos
Gozag
Nemelex Xobeh
Okawaru
Qazlal
Ru
Trog
Uskayaw
Vehumet
Wu Jian
Xom

Shops:
D:6 =


Innate Abilities, Weirdness & Mutations

You are partially covered in icy blue scales. (AC +2)
Your touch may inflict irresistible damage on your foes.


Message History

You slash something! Your touch misses something. You hit the orc.
The orc hits you with a +0 club.
An orc warrior comes into view. It is wielding a +0 mace.
You closely miss something.
You touch something.
Qazlal accepts your kill.
Reactivating autopickup.
You feel a bit more experienced.
You hit the orc but do no damage. You drain the orc.
You kill the orc!
Qazlal accepts your kill.
You hit the orc.
The orc warrior unwields a +0 mace.
The orc warrior wields a +0 arbalest.
The orc warrior shoots a bolt.
The bolt hits you! The orc hits you but does no damage.
You hit the orc. You drain the orc.
You kill the orc!
Qazlal accepts your kill.
The orc warrior shoots a bolt.
The bolt hits you!
The orc warrior shoots a bolt.
The bolt hits you.
Things that are here:
a +0 dagger; a +0 robe; an orc corpse The orc warrior shoots a bolt.
The bolt hits you!
* * * LOW HITPOINT WARNING * * *
You feel much better.
The orc warrior shoots a bolt.
The bolt hits you!
Okay, then.
Really quaff the potion of attraction?
You feel attractive to monsters.
The orc warrior shoots a bolt.
The bolt hits you!
* * * LOW HITPOINT WARNING * * *
The orc warrior is attracted toward you.
You feel better.
The orc warrior shoots a bolt.
The bolt hits you!
* * * LOW HITPOINT WARNING * * *
The orc warrior is attracted toward you.
You slash the orc warrior!
The orc warrior is moderately wounded.
The orc warrior unwields a +0 arbalest.
The orc warrior wields a +0 mace.
The orc warrior hits you but does no damage.
You slash the orc warrior!
The orc warrior is severely wounded.
The orc warrior hits you with a +0 mace!
You die...

#......# #...# #......#
#...# #......# #...#
#......# ##^.. #......#
#... #......# #...
#......# #...
#...)))##### #...
#...).@....###### ####
#.....o.........#
#.....ยง.........#######
####..................#
#.......###.........
#.......# #.........
#.......# #.........
#.......# #.........
#.......# #.........


You could see an orc warrior.

Vanquished Creatures
  A steam dragon (D:6)
  2 water moccasins (D:5)
  2 ice beasts
  3 ogres
  A bullfrog (D:6)
  A necrophage (D:6)
  A scorpion (D:5)
  5 killer bees (D:5)
  3 howler monkeys
  3 jellies
  An orc priest (D:4)
  3 hounds
  3 iguanas
  3 orc wizards
  A gnoll (D:3)
  13 adders
  2 worms
  4 dart slugs
  17 orcs
  6 endoplasms
  4 giant cockroaches
  6 goblins
  4 hobgoblins
  2 jackals (D:4)
  6 quokkas
  12 ball pythons
  5 bats
  3 frilled lizards
  4 kobolds
  5 rats
126 creatures vanquished.

Vanquished Creatures (others)
  A fungus (D:1)
  3 plants (D:1)
4 creatures vanquished.

Grand Total: 130 creatures vanquished

Notes
Turn   | Place    | Note
-------+----------+-------------------------------------------
     0 | D:1      | jlumianski the Demonspawn Gladiator began the quest for the
                  | Orb.
     0 | D:1      | Reached XP level 1. HP: 16/16 MP: 1/1
   336 | D:1      | Found a faded altar of an unknown god.
   353 | D:1      | Reached skill level 3 in Axes
   353 | D:1      | Gained mutation: Your touch may inflict minor irresistible
                  | damage on your foes. [demonic ancestry]
   353 | D:1      | Reached XP level 2. HP: 22/22 MP: 2/2
   451 | D:2      | Reached XP level 3. HP: 25/27 MP: 3/3
   954 | D:2      | Gained mutation: You are partially covered in icy blue
                  | scales. (AC +2) [demonic ancestry]
   954 | D:2      | Reached XP level 4. HP: 34/34 MP: 4/4
  1956 | D:3      | Reached XP level 5. HP: 41/41 MP: 5/5
  1983 | D:3      | Reached skill level 4 in Axes
  2262 | D:3      | Found a snail-covered altar of Cheibriados.
  2729 | D:3      | Reached skill level 1 in Armour
  2802 | D:4      | Gained mutation: Your touch may inflict irresistible damage
                  | on your foes. [demonic ancestry]
  2802 | D:4      | Reached XP level 6. HP: 16/47 MP: 6/6
  2889 | D:5      | Entered Level 5 of the Dungeon
  2908 | D:5      | Noticed an ice beast
  3094 | D:4      | Found a bloodstained altar of Trog.
  3094 | D:4      | Found a radiant altar of Vehumet.
  3100 | D:4      | Reached skill level 5 in Axes
  3266 | D:4      | Found a sacrificial altar of Ru.
  3672 | D:4      | Noticed an ice beast
  3675 | D:4      | Killed an ice beast
  3860 | D:4      | Reached XP level 7. HP: 13/52 MP: 7/7
  4126 | D:5      | Found a staircase to the Ecumenical Temple.
  4144 | Temple   | Entered the Ecumenical Temple
  4162 | Temple   | Became a worshipper of Qazlal Stormbringer
  4235 | D:6      | Found an opulent altar of Gozag.
  4246 | D:6      | Noticed a steam dragon
  4273 | D:6      | Killed a steam dragon
  4274 | D:6      | Reached skill level 6 in Axes
  4356 | D:6      | Found Acum's Jewellery Emporium.
  4674 | D:5      | Reached XP level 8. HP: 46/61 MP: 8/8
  4833 | D:5      | Reached skill level 7 in Axes
  4999 | D:4      | Reached skill level 1 in Invocations
  5440 | D:5      | Reached skill level 1 in Evocations
  5743 | D:6      | Reached skill level 5 in Fighting
  6041 | D:6      | Slain by an orc warrior

Illustrated notes

Levels and vault maps discovered:
D:1:      lemuel_arrival_muddy, layout_rooms, ebering_ecumenical_altar_webs,
          reono_crystal_passage, minmay_misc_feat_chi
D:2:      layout_loops_corners
D:3:      layout_basic, mainiacjoe_overflow_alcove_1, minmay_close_crescents
D:4:      minmay_wonky_spiral, layout_loops_cross,
          nicolae_ru_the_path_less_chosen, mainiacjoe_overflow_large_starburst,
          roderic_nine_men_s_morris, kennysheep_generic_room_4
D:5:      layout_rooms, minmay_temple_entry_trees
D:6:      layout_basic, amcnicky_altar_gilded, serial_shops, shop
Temple:   nicolae_temple_two_arcs

Skill      XL: |  1  2  3  4  5  6  7  8 |
---------------+-------------------------+-----
Axes           | 3 4 5 6 7 |  7.4
Throwing       | 2 3 |  3.7
Dodging        | 3 |  3.5
Fighting       | 3 4 5 |  5.0
Armour         | 1 2 3 4 |  4.6
Invocations    | 2 |  2.2
Evocations     | 1 |  1.1
Stealth        | |  0.3

Action                   |  1- 3 |  4- 6 |  7- 9 || total
-------------------------+-------+-------+-------++-------
Melee: War axe           |    87 |   162 |   100 ||   349
       Touch             |     9 |    24 |    22 ||    55
       Punch             |       |       |     1 ||     1
Throw: Stone             |       |     7 |       ||     7
       Throwing net      |       |     1 |       ||     1
       Dart              |       |     6 |    17 ||    23
  Use: Scroll            |       |    12 |     3 ||    15
       Potion            |       |     3 |     3 ||     6
Armor: Scale mail        |    28 |       |       ||    28
       Leather armour    |     4 |       |       ||     4
       Plate armour      |    21 |   140 |   102 ||   263
Dodge: Dodged            |    47 |    41 |    52 ||   140

Table legend: (Time is in decaauts)
 A = Elapsed time spent in this place.
 B = Non-inter-level travel time spent in this place.
 C = Inter-level travel time spent in this place.
 D = Time resting spent in this place.
 E = Time spent auto-exploring this place.
 F = Levels seen in this place.
 G = Mean time per level.
                   A        B        C        D        E       F      G
               +--------+--------+--------+--------+--------+-----+--------+
         Total |   6140 |   6078 |     62 |   1013 |   3270 |   7 |  877.1 |
       Dungeon |   6111 |   6049 |     62 |   1013 |   3270 |   6 | 1018.5 |
        Temple |     28 |     28 |      0 |      0 |      0 |   1 |   28.0 |
               +--------+--------+--------+--------+--------+-----+--------+

Top non-repeatable levels by time:
     D:4: 1356 daAuts
     D:3: 1193 daAuts
     D:2: 1174 daAuts
     D:5: 1158 daAuts
     D:6: 773 daAuts
     D:1: 456 daAuts
  Temple: 28 daAuts
